 Dungeon Crawl Stone Soup version 0.29-a0-375-g5102b3be25 (webtiles) character file.

Game seed: 2328563839752059385

46 zishaf the Grasshopper (level 3, -4/29 HPs)
             Began as a Barachi Warper on May 3, 2022.
             Killed from afar by Natasha (7 damage)
             ... with a magic dart
             ... on level 2 of the Dungeon.
             The game lasted 00:02:45 (2301 turns).

zishaf the Grasshopper (Barachi Warper)             Turns: 2301, Time: 00:02:46

Health: -4/29      AC:  3    Str: 12    XL:     3   Next: 68%
Magic:  6/6        EV: 11    Int: 15    God:
Gold:   119        SH:  0    Dex: 11    Spells: 1/6 levels left

rFire   . . .      SeeInvis .   a - +0 falchion
rCold   . . .      Faith    .   (no shield)
rNeg    . . .      Spirit   .   b - +0 leather armour
rPois   .          Reflect  .   (no helmet)
rElec   .          Harm     .   (no cloak)
rCorr   .          Rampage  .   (no gloves)
Will    .....                   (no boots)
Stlth   +.........              (no amulet)
HPRegen 0.09/turn               (no ring)
MPRegen 0.10/turn               (no ring)

@: slow
A: amphibious, slowness 1, strong legs 1, +LOS
a: Hop


You were on level 2 of the Dungeon.
You visited 1 branch of the dungeon, and saw 2 of its levels.

You collected 119 gold pieces.

Inventory:

Hand Weapons
 a - a +0 falchion (weapon)
Missiles
 d - 7 boomerangs of dispersal (quivered)
Armour
 b - a +0 leather armour (worn)
Scrolls
 c - 3 scrolls of blinking
 e - a scroll of magic mapping {unknown}
 f - a scroll of silence {unknown}
 g - 2 scrolls of identify {unknown}
 h - a scroll of brand weapon {unknown}
 i - 3 scrolls of teleportation {unknown}


   Skills:
 + Level 3.3 Fighting
 - Level 2.4 Long Blades
 + Level 2.0 Throwing
 - Level 1.2 Armour
 - Level 2.1 Dodging
 - Level 2.1 Spellcasting
 + Level 3.9 Translocations


You had one spell level left.
You knew the following spells:

 Your Spells              Type           Power      Damage    Failure   Level
a - Blink                 Tloc           26%        N/A       9%          2
b - Gell's Gravitas       Tloc           13%        N/A       16%         3

Your spell library contained the following spells:

 Spells                   Type           Power      Damage    Failure   Level
 Lesser Beckoning         Tloc           13%        N/A       16%         3
 Teleport Other           Tloc           13%        N/A       16%         3
 Manifold Assault         Tloc           13%        N/A       83%         5


Dungeon Overview and Level Annotations

Branches:
Dungeon (2/15)

Altars:

Annotations:
D:2 Natasha


Innate Abilities, Weirdness & Mutations

You are amphibious.
You cover ground slowly.
You can hop short distances.
You have an extended range of vision and can be seen from far away.


Message History

A ball python comes into view.
You closely miss the ball python. The ball python barely misses you. x2
You hit the ball python.
You kill the ball python!
No target in view!
Natasha, Servant of Life and Death comes into view.
Natasha hisses angrily.
Natasha howls an incantation.
You feel disoriented. Natasha claws you.
You hit Natasha.
Natasha is lightly wounded.
Natasha closely misses you.
A bat comes into view.
Natasha claws you!
You closely miss Natasha.
Natasha is lightly wounded.
Natasha claws you!
You are too injured to fight recklessly!
You are too injured to fight recklessly!
You hit Natasha.
Natasha is heavily wounded.
Natasha claws you.
* * * LOW HITPOINT WARNING * * *
You closely miss Natasha.
Natasha is heavily wounded.
Natasha mumbles some strange words.
You hit Natasha.
Natasha is severely wounded.
Natasha closely misses you.
You hit Natasha.
Natasha is almost dead.
Natasha barely misses you.
You hit Natasha but do no damage.
Natasha is almost dead.
Natasha claws you.
* * * LOW HITPOINT WARNING * * *
Natasha stares at you and mumbles some strange words.
The magic dart hits you!
You die...

.... #.#...#
..... #.#.###
..... #.#.#
...... #.#.#
...... #.#.#
....... #...#
.......#####.#
....5..h.#...#
#@..#.#
#####.# ..#
###


You could see Natasha and a crimson imp (summoned, wandering).

Vanquished Creatures
  2 adders (D:2)
  A bat (D:1)
  4 endoplasms (D:1)
  A giant cockroach (D:1)
  A goblin (D:2)
  4 hobgoblins
  3 jackals (D:1)
  3 ball pythons
  A frilled lizard (D:1)
  2 kobolds (D:1)
  4 rats
26 creatures vanquished.

Vanquished Creatures (others)
  5 plants (D:1)
5 creatures vanquished.

Grand Total: 31 creatures vanquished

Notes
Turn   | Place    | Note
-------+----------+-------------------------------------------
     0 | D:1      | zishaf the Barachi Warper began the quest for the Orb.
     0 | D:1      | Reached XP level 1. HP: 17/17 MP: 3/3
   246 | D:1      | Reached XP level 2. HP: 12/23 MP: 5/5
   249 | D:1      | Learned a level 2 spell: Blink
   718 | D:1      | Found a faded altar of an unknown god.
  1419 | D:2      | Reached XP level 3. HP: 26/29 MP: 6/6
  1787 | D:2      | Learned a level 3 spell: Gell's Gravitas
  2292 | D:2      | Noticed Natasha
  2301 | D:2      | Killed from afar by Natasha

Illustrated notes

Levels and vault maps discovered:
D:1:      nzn_arrival_settlement, layout_basic,
          ebering_ecumenical_altar_abandoned, serial_bayou_lagoon_a
D:2:      layout_basic, serial_shops, nicolae_shop_stone, uniq_robin,
          uniq_natasha

Skill      XL: |  1  2  3 |
---------------+----------+-----
Fighting       | 3 |  3.3
Throwing       | 2 |  2.0
Long Blades    | |  2.4
Armour         | |  1.2
Dodging        | |  2.1
Spellcasting   | |  2.1
Translocations | |  3.9

Action                   || total
-------------------------++-------
Melee: Falchion          ||   123
  Use: Potion            ||     1
Armor: Leather armour    ||    38
Dodge: Dodged            ||    78

Table legend: (Time is in decaauts)
 A = Elapsed time spent in this place.
 B = Non-inter-level travel time spent in this place.
 C = Inter-level travel time spent in this place.
 D = Time resting spent in this place.
 E = Time spent auto-exploring this place.
 F = Levels seen in this place.
 G = Mean time per level.
                   A        B        C        D        E       F      G
               +--------+--------+--------+--------+--------+-----+--------+
         Total |   2504 |   2435 |     69 |    541 |   1614 |   2 | 1252.0 |
       Dungeon |   2504 |   2435 |     69 |    541 |   1614 |   2 | 1252.0 |
               +--------+--------+--------+--------+--------+-----+--------+

Top non-repeatable levels by time:
     D:1: 1510 daAuts
     D:2: 993 daAuts
